 Dungeon Crawl Stone Soup version 0.18-a0-1692-g516f9e9 (webtiles) character file.

6311 Ijustatesigmund the Covert (level 10, -16/102 HPs)
             Began as an Octopode Assassin on Apr 4, 2016.
             Was a Believer of Cheibriados.
             Demolished by a hill giant
             ... wielding a +0 giant club
              (18 damage)
             ... on level 10 of the Dungeon on Apr 5, 2016.
             The game lasted 01:54:29 (9501 turns).

Ijustatesigmund the Covert (Octopode Assassin)      Turns: 9501, Time: 01:54:30

Health: -16/102    AC: 31    Str: 16    XL:     10   Next: 95%
Magic:  0/13       EV:  2    Int: 21    God:    Cheibriados [**....]
Gold:   434        SH:  8    Dex: 22    Spells: 2 memorised, 2 levels left

rFire  . . .     SeeInvis +     h - +2 rapier (vamp)
rCold  . . .     Gourm    .     k - +2 buckler
rNeg   + + +     Faith    .     (helmet currently unavailable)
rPois  +         Spirit   +     i - amulet of guardian spirit
rElec  .         Dismiss  .     o - ring of stealth
rCorr  .         Reflect  .     u - ring of see invisible
SustAt .         Harm     .     w - ring of poison resistance
MR     .....     NoTele   +     l - ring of wizardry
Stlth  +++++++++.               (no ring)
                                (no ring)
                                (no ring)
                                (no ring)

@: icy armour, tree-form, very slow, not resistant to hostile enchantments,
incredibly stealthy
A: almost no armour, (amphibious), 8 rings, (constrict 8), (camouflage 0),
(gelatinous body 0)
a: Bend Time, Renounce Religion


You were on level 10 of the Dungeon.
You worshipped Cheibriados.
Cheibriados was pleased with you.
You were very hungry.
You were a tree.
You visited 2 branches of the dungeon, and saw 11 of its levels.

You collected 434 gold pieces.

Inventory:

Hand Weapons
 a - a +2 dagger
 b - a +0 blowgun
 h - a +2 vampiric rapier (weapon)
 r - a +4 dagger of protection
 A - a +1 vampiric short sword
Missiles
 c - 24 poisoned needles
 d - a curare-tipped needle
 e - 5 needles of confusion
Armour
 k - a +2 buckler (worn)
Jewellery
 i - an amulet of guardian spirit (around neck)
 l - a ring of wizardry (on tentacle)
 o - a ring of stealth (left branch)
 u - a ring of see invisible (right branch)
 w - a ring of poison resistance (on tentacle)
 x - the ring of Vehest {Wiz Dex+4, unknown}
   (You found it on level 10 of the Dungeon)

   [ring of wizardry]

   It improves your spell success rate.
   It affects your dexterity (+4).
 D - an uncursed ring of ice
Wands
 y - a wand of lightning (0/15)
 H - a wand of slowing (18/48)
 J - a wand of slowing (24/48)
 K - a wand of slowing (28/48)
Scrolls
 j - 3 scrolls of remove curse
 s - a scroll of identify
 t - a scroll of recharging
 v - 2 scrolls of fog
 I - a scroll of amnesia
Potions
 q - a potion of mutation
 E - a potion of brilliance
Books
 m - a book of Frost

   Spells                             Type                      Level
   a - Freeze                         Ice                          1
   b - Throw Frost                    Conjuration/Ice              2
   c - Ozocubu's Armour               Charms/Ice                   3
   d - Throw Icicle                   Conjuration/Ice              4
   e - Summon Ice Beast               Ice/Summoning                4
Comestibles
 f - 11 bread rations
 p - a meat ration


   Skills:
 + Level 6.2 Fighting
 * Level 7.4 Short Blades
 - Level 3.0 Throwing
 - Level 4.6 Dodging
 - Level 12.0 Stealth
 - Level 5.1 Shields
 - Level 3.0 Charms
 + Level 3.5 Summonings
 + Level 3.4 Ice Magic
 - Level 4.8 Invocations


You had 2 spell levels left.
You knew the following spells:

 Your Spells              Type           Power        Failure   Level  Hunger
a - Ozocubu's Armour      Chrm/Ice       ##......     7%          3    ####...
b - Summon Ice Beast      Ice/Summ       ##......     26%         4    #####..


Dungeon Overview and Level Annotations

Branches:
Dungeon (10/15)            Temple (1/1) D:6
   Lair: D:8-11         Orc: D:9-12

Altars:
Ashenzari
Cheibriados
Dithmenos
Elyvilon
Fedhas
Gozag
Kikubaaqudgha
Makhleb
Nemelex Xobeh
Okawaru
Pakellas
Qazlal
Sif Muna
Trog
Vehumet
Xom
Yredelemnul
Zin
The Shining One

Shops:
D:8 =   D:10 *

Annotations:
D:9 account's ghost, novice DsWn


Innate Abilities, Weirdness & Mutations

You cannot wear most types of armour.
((You are amphibious.))
You can wear up to eight rings at the same time.
((You can use your tentacles to constrict eight enemies at once.))
((Your skin changes colour to match your surroundings (Stealth).))
((Your rubbery body absorbs attacks (AC +1).))


Message History

The quasit completely misses you.
Your ice beast barely misses the unseen horror.
The hill giant barely misses you. The quasit bites you.
* * * LOW HITPOINT WARNING * * *
The quasit claws you but does no damage.
You block the quasit's attack.
You warp the flow of time around you!
You are feeling very hungry.
You can no longer warp the flow of time around you.
Read which item? (? for menu, Esc to quit)
Okay, then.
Drink which item? (? for menu, Esc to quit)
You turn into a tree.
Your roots penetrate the ground.
The hill giant hits you with a giant club!
* * * LOW HITPOINT WARNING * * *
You closely miss the unseen horror.
The unseen horror is lightly wounded.
You block the unseen horror's attack.
The hill giant hits you with a giant club!!
You die...

............#
..........(.#
...........Y############
..........%..Y..........
........................
.$......................
......##########..5#####
.....[# #.Cx# ..?...#
#♣..# ......# #...#
......# #G..# .........?
....# .......... .....
.(.......# #######
########.# #.# #.# #.#
...


You could see a hill giant, an eye of draining, an unseen horror (invisible) and
a quasit.

Vanquished Creatures
  The ghost of Pikaro the Fighter, a novice OgWn of Makhleb (D:8)
  A centaur skeleton (D:10)
  A two-headed ogre (D:9)
  Grinder (D:7)
  A spriggan (D:8)
  3 yaks (D:9)
  Sigmund (D:2)
  Eustachio (D:5)
  A hippogriff (D:8)
  2 hungry ghosts (D:8)
  Edmund (D:6)
  Duvessa (D:5)
  3 orc warriors
  3 ice beasts
  2 phantoms
  2 sky beasts
  A necrophage (D:8)
  4 ogres
  5 centaurs
  A big kobold (D:7)
  Blork the orc (D:5)
  3 giant frogs
  Dowan (D:5)
  2 scorpions
  4 killer bees (D:7)
  A howler monkey (D:10)
  An electric eel (D:9)
  4 crimson imps
  A jelly (D:10)
  A quasit (D:8)
  4 hounds
  3 orc priests
  7 orc wizards
  A giant frog skeleton (D:5)
  Jessica (D:2)
  2 iguanas
  Natasha (thrice) (D:3)
  Terence (D:2)
  4 worker ants
  7 adders
  A shadow imp (D:5)
  6 white imps (D:9)
  An ufetubus (D:9)
  3 worms
  2 dart slugs (D:1)
  An adder simulacrum (D:9)
  2 giant geckos
  32 orcs
  A ball python (D:3)
  4 giant cockroaches
  10 goblins
  7 hobgoblins
  2 jackals (D:6)
  13 kobolds
  8 quokkas
  A ball python skeleton (D:5)
  10 bats
  A giant gecko skeleton (D:6)
  9 giant newts
  11 rats
213 creatures vanquished.

Vanquished Creatures (others)
  An orc wizard (D:7)
  A quokka (D:9)
2 creatures vanquished.

Grand Total: 215 creatures vanquished

Notes
Turn   | Place    | Note
--------------------------------------------------------------
     0 | D:1      | Ijustatesigmund the Octopode Assassin began the quest for the Orb.
     0 | D:1      | Reached XP level 1. HP: 14/14 MP: 1/1
   168 | D:1      | Reached XP level 2. HP: 19/19 MP: 2/2
   611 | D:1      | Reached XP level 3. HP: 24/24 MP: 3/3
   782 | D:2      | Noticed Terence
   924 | D:2      | Killed Terence
   924 | D:2      | Reached skill level 6 in Stealth
   940 | D:2      | Upgraded the game from 0.18-a0-1685-g4482fe3 to 0.18-a0-1692-g516f9e9
   962 | D:2      | Reached XP level 4. HP: 29/29 MP: 4/4
  1079 | D:2      | Noticed Sigmund
  1098 | D:2      | Killed Sigmund
  1098 | D:2      | Reached skill level 7 in Stealth
  1098 | D:2      | Reached XP level 5. HP: 34/34 MP: 5/5
  1098 | D:2      | Reached XP level 6. HP: 39/39 MP: 6/6
  1176 | D:2      | Found an oddly glowing altar of Pakellas.
  1176 | D:2      | Noticed an ice dragon
  1227 | D:2      | Noticed Jessica
  1236 | D:2      | Killed Jessica
  1318 | D:2      | Found a glowing golden altar of the Shining One.
  1407 | D:3      | Found a snail-covered altar of Cheibriados.
  1407 | D:3      | Noticed Natasha
  1594 | D:3      | Reached skill level 8 in Stealth
  1825 | D:3      | Found a shadowy altar of Dithmenos.
  1843 | D:3      | Killed Natasha
  1880 | D:3      | You fall through a shaft for 2 floors!
  1880 | D:5      | Entered Level 5 of the Dungeon
  1880 | D:5      | Noticed Grinder
  1880 | D:5      | Noticed Blork the orc
  1882 | D:5      | Killed Blork the orc
  1882 | D:5      | Reached XP level 7. HP: 9/46 MP: 7/7
  1904 | D:5      | Noticed Eustachio
  1908 | D:5      | Killed Eustachio
  1908 | D:5      | Reached skill level 5 in Short Blades
  2229 | D:5      | Noticed Duvessa
  2229 | D:5      | Noticed Dowan
  2469 | D:5      | Reached skill level 9 in Stealth
  2678 | D:5      | Reached XP level 8. HP: 44/54 MP: 5/8
  2767 | D:3      | Found a stormy altar of Qazlal.
  2770 | D:3      | Noticed Natasha
  2776 | D:3      | Killed Natasha
  2842 | D:3      | Noticed Natasha
  2853 | D:3      | Killed Natasha
  2965 | D:3      | Found a sparkling altar of Nemelex Xobeh.
  3013 | D:3      | Reached skill level 1 in Shields
  3217 | D:4      | Found a deep blue altar of Sif Muna.
  4038 | D:6      | Reached skill level 10 in Stealth
  4567 | D:6      | Found a staircase to the Ecumenical Temple.
  4573 | Temple   | Entered the Ecumenical Temple
  4755 | D:6      | Noticed Edmund
  4771 | D:6      | Killed Edmund
  4771 | D:6      | Reached XP level 9. HP: 56/59 MP: 7/9
  5037 | D:6      | Reached skill level 11 in Stealth
  5627 | D:5      | Killed Duvessa
  5637 | D:5      | Killed Dowan
  5668 | D:5      | Reached skill level 5 in Fighting
  5838 | D:3      | Became a worshipper of Cheibriados the Contemplative
  6302 | D:7      | Paralysed by Grinder for 4 turns
  6315 | D:7      | Killed Grinder
  6669 | D:7      | Found a shattered altar of Ashenzari.
  6684 | D:7      | Reached skill level 1 in Invocations
  6693 | D:7      | Reached * piety under Cheibriados
  6708 | D:7      | Reached skill level 12 in Stealth
  6862 | D:7      | Found an opulent altar of Gozag.
  6864 | D:7      | Found a blossoming altar of Fedhas.
  7044 | D:8      | Noticed Pikaro's ghost (novice OgWn)
  7194 | D:9      | Reached XP level 10. HP: 27/68 MP: 4/12
  7790 | D:8      | Killed Pikaro's ghost
  7790 | D:8      | Reached skill level 5 in Shields
  7984 | D:8      | Learned a level 3 spell: Ozocubu's Armour
  7989 | D:8      | Learned a level 4 spell: Summon Ice Beast
  8013 | D:8      | Found Yris's Jewellery Shop.
  8073 | D:8      | Reached ** piety under Cheibriados
  8085 | D:8      | Reached skill level 1 in Summonings
  8085 | D:8      | Reached skill level 1 in Ice Magic
  8441 | D:8      | Reached skill level 1 in Charms
  9078 | D:9      | Reached *** piety under Cheibriados
  9262 | D:9      | Found a white marble altar of Elyvilon.
  9277 | D:9      | Noticed account's ghost (novice DsWn)
  9377 | D:10     | Entered Level 10 of the Dungeon
  9399 | D:10     | Found Ilufaon's Demolitions Depot.
  9473 | D:10     | Got a serpentine brass ring
  9485 | D:10     | Noticed a hill giant
  9488 | D:10     | Noticed an unseen horror
  9499 | D:10     | HP: 3/68 [quasit (1)]
  9500 | D:10     | HP: 1/102 [hill giant/giant club (3)]
  9501 | D:10     | Demolished by a hill giant

Vault maps used:
D:1:      dpeg_arrival_simpleton_a, grunt_decor_cap
D:2:      nicolae_tso_swordbearing_angel, gammafunk_pakellas_cloud_experiment,
          uniq_sigmund, uniq_terence, uniq_jessica
D:3:      cheibriados_altar_1, marbit_many_paths, lemuel_coloured_pillars_altar,
          nemelex_diamond_rough_becter, uniq_natasha
D:4:      old_standard_altar
D:5:      first_bread, uniq_grinder, uniq_duvessa, uniq_blork_the_orc,
          uniq_eustachio
D:6:      temple_green, uniq_edmund
D:7:      lemuel_doored_altar, nicolae_overflow_hidden_temple,
          old_standard_altar
D:8:      serial_shops, nicolae_shop_stone, the_bakery
D:9:      elyvilon_altar_4, david_lair_shrubbed, serial_ice, serial_ice_b,
          serial_ice_j, serial_ice_d, serial_ice_o, small_statue_intersection,
          kennysheep_generic_room_7
D:10:     serial_shops, nicolae_shop_statue_plus, solitary_fountain,
          nicolae_blasting_shop
Temple:   jpeg_temple_clearing_9

Skill      XL: |  1  2  3  4  5  6  7  8  9 10 |
---------------+-------------------------------+-----
Throwing       | 3 |  3.0
Stealth        | 6 7 8 9 10 12 | 12.0
Short Blades   | 4 5 7 |  7.4
Fighting       | 3 4 6 |  6.2
Dodging        | 2 4 |  4.6
Shields        | 3 4 5 |  5.1
Invocations    | 2 4 |  4.8
Summonings     | 3 |  3.5
Ice Magic      | 3 |  3.4
Charms         | 3 |  3.0

Action                   |  1- 3 |  4- 6 |  7- 9 | 10-12 || total
-------------------------+-------+-------+-------+-------++-------
Melee: Dagger            |    38 |    84 |    24 |       ||   146
       Rapier            |       |       |   275 |   215 ||   490
 Fire: Blowgun           |     1 |     9 |       |       ||    10
 Cast: Ozocubu's Armour  |       |       |       |     5 ||     5
       Summon Ice Beast  |       |       |       |     1 ||     1
Invok: Temporal Distorti |       |       |       |     2 ||     2
Evoke: Wand              |       |       |     8 |     5 ||    13
  Use: Scroll            |     5 |     3 |    12 |     3 ||    23
       Potion            |       |     2 |     5 |     8 ||    15
 Stab: Sleeping          |    13 |    11 |    20 |    10 ||    54
       Distracted        |     1 |       |     4 |     1 ||     6
       Invisible         |       |       |     2 |       ||     2
  Eat: Chunk             |       |     4 |    11 |     2 ||    17
       Pizza             |       |       |     2 |       ||     2
       Meat ration       |       |       |     1 |       ||     1
       Beef jerky        |       |       |     1 |     2 ||     3
       Royal jelly       |       |       |       |     2 ||     2
